 Dungeon Crawl Stone Soup version 0.17-a0-1830-g81820eb (webtiles) character file.

37434 Medar the Arsonist (level 13, -1/98 HPs)
             Began as an Octopode Transmuter on Sept 13, 2015.
             Was a High Priest of Vehumet.
             Slain by a yak (2 damage)
             ... on level 6 of the Lair of Beasts.
             The game lasted 01:32:14 (31054 turns).

Medar the Arsonist (Octopode Transmuter)           Turns: 31054, Time: 01:32:14

Health: -1/98      AC:  6    Str: 11    XL:     13   Next: 96%
Magic:  10/27      EV: 13    Int: 19    God:    Vehumet [*****.]
Gold:   1398       SH:  0    Dex: 15    Spells: 10 memorised, 0 levels left

rFire  x . .     SeeInvis .       - Unarmed
rCold  + + +     Clarity  .     (shield currently unavailable)
rNeg   + . .     SustAt   .     (helmet currently unavailable)
rPois  +         Gourm    .     p - amulet of rage
rElec  .         Spirit   .     k - ring of positive energy
rCorr  .         Warding  .     t - ring of poison resistance
rMut   .         Stasis   .     M - ring of protection from magic
MR     +....                    n - +3 ring of dexterity
Stlth  +++.......               S - ring of protection from cold
                                h - +1 ring of evasion
                                (no ring)
                                (no ring)

@: ice-form, very slightly contaminated, somewhat resistant to hostile
enchantments, fairly stealthy
A: almost no armour, amphibious, 8 rings, (constrict 8), (camouflage 0),
(gelatinous body 0)
a: End Transformation, Renounce Religion, Evoke Berserk Rage


You were on level 6 of the Lair of Beasts.
You worshipped Vehumet.
Vehumet was extremely pleased with you.
You were not hungry.
You were a creature of crystalline ice.
You visited 3 branches of the dungeon, and saw 17 of its levels.
You also visited: Bailey.

You collected 1398 gold pieces.

Inventory:

Hand weapons
 b - a +0 blowgun
 y - the +2 mace of the Shining Light {flame, Dex+4}
   (You took it off a kobold in a bailey)

   It has been specially enchanted to burn those struck by it, causing extra
   injury to most foes and up to half again as much damage against particularly
   susceptible opponents.
   It affects your dexterity (+4).
 X - the +10 trident of Honour {elec, rC+ Dex+4}
   (You found it on level 9 of the Dungeon)

   Occasionally, upon striking a foe, it will discharge some electrical energy
   and cause terrible harm.
   It affects your dexterity (+4).
   It protects you from cold.
Missiles
 a - 240 arrows
 r - a throwing net {=f =F}
 w - 4 curare-tipped needles
 O - 31 poisoned arrows
 V - 37 poisoned needles
 Y - 32 tomahawks of returning (quivered)
Armour
 D - a +2 hat (melded)
Jewellery
 h - a +1 ring of evasion (on tentacle)
 k - a ring of positive energy (left front paw)
 n - a +3 ring of dexterity (on tentacle)
 o - an uncursed ring of ice
 p - an amulet of rage (around neck)
 t - a ring of poison resistance (right front paw)
 H - an uncursed amulet of resist mutation
 M - a ring of protection from magic (on tentacle)
 S - a ring of protection from cold (on tentacle)
Magical devices
 d - a wand of flame (15)
 s - a wand of confusion (13)
 A - a wand of fireball (13)
 C - a wand of teleportation (1)
 E - a wand of fire (13)
 K - a wand of magic darts (12)
 L - a wand of confusion (21)
 N - a wand of enslavement (7)
 P - a wand of polymorph (24)
 Q - a wand of disintegration (11)
 T - a wand of enslavement (11)
Scrolls
 f - a scroll of amnesia
 g - a scroll of recharging
 j - 2 scrolls of magic mapping
 l - a scroll of fog
 m - 12 scrolls of remove curse {@r1}
 q - a scroll of immolation
 F - a scroll of teleportation
 R - a scroll of vulnerability
Potions
 e - a potion of haste
 i - 6 potions of curing {@q1}
 u - 5 potions of flight
 v - a potion of magic
 z - 2 potions of brilliance
 G - a potion of invisibility
 I - 3 potions of agility
 J - a potion of cancellation
Books
 x - a book of Minor Magic

   Spells                             Type                      Level
   a - Magic Dart                     Conjuration                  1
   b - Blink                          Translocation                2
   c - Call Imp                       Summoning                    2
   d - Repel Missiles                 Charms/Air                   2
   e - Slow                           Hexes                        2
   f - Conjure Flame                  Conjuration/Fire             3
   g - Mephitic Cloud                 Conjuration/Poison/Air       3
Comestibles
 c - 9 bread rations {@e1}
 B - 3 chunks of flesh


   Skills:
 - Level 5.4 Fighting
 - Level 4.0 Dodging
 - Level 4.7 Stealth
 - Level 7.1 Unarmed Combat
 - Level 10.0 Spellcasting
 - Level 11.9 Conjurations
 + Level 0.8 Translocations
 - Level 8.0 Transmutations
 - Level 12.1 Fire Magic
 - Level 2.0 Ice Magic
 - Level 1.0 Poison Magic


You couldn't memorise any spells.
You knew the following spells:

 Your Spells              Type           Power        Failure   Level  Hunger
b - Bolt of Fire          Conj/Fire      ######....   2%          6    ######.
c - Fireball              Conj/Fire      ######....   1%          5    #####..
d - Sticks to Snakes      Trmt           #####.....   1%          2    None
f - Spider Form           Trmt/Pois      ####......   3%          3    None
g - Ice Form              Ice/Trmt       ####....     12%         4    ##.....
j - Conjure Flame         Conj/Fire      ######..     1%          3    None
s - Beastly Appendage     Trmt           #####.       1%          1    None
v - Sticky Flame          Conj/Fire      ######..     1%          4    ##.....
w - Blink                 Tloc           N/A          10%         2    None
x - Throw Flame           Conj/Fire      ######       1%          2    None


Dungeon Overview and Level Annotations

Branches:
Dungeon (10/15)            Temple (1/1) D:4            Lair (6/8) D:8
 Shoals (0/4) Lair:5        Snake (0/4) Lair:3
  Slime: Lair:6-8       Orc: D:9-12

Altars:
Ashenzari
Cheibriados
Dithmenos
Elyvilon
Fedhas
Gozag
Kikubaaqudgha
Makhleb
Nemelex Xobeh
Okawaru
Qazlal
Ru
Sif Muna
Trog
Vehumet
Xom
Yredelemnul
Zin
The Shining One

Shops:
D:6 [

Annotations:
D:9 exclusion: mottled dragon
Lair:2 Sonja, Urug
Lair:5 exclusions: 2 basilisks, 2 hippogriffs and wyvern, Kirke


Innate Abilities, Weirdness & Mutations

You cannot wear most types of armour.
You are amphibious.
You can wear up to eight rings at the same time.
((You can use your tentacles to constrict eight enemies at once.))
((Your skin changes colour to match your surroundings (Stealth).))
((Your rubbery body absorbs attacks (AC +1).))


Message History

The black mamba is moderately wounded.
The black mamba burns!
The black mamba bites you!
* * * LOW HITPOINT WARNING * * *
The black mamba bites you!
* * * LOW HITPOINT WARNING * * *
Drink which item? (? for menu, Esc to quit)
Okay, then.
Read which item? (? for menu, Esc to quit)
Okay, then.
Casting: Sticky Flame
Confirm with . or Enter, or press ? or * to list all spells.
You blink.
The black mamba burns!
Casting: Blink
Confirm with . or Enter, or press ? or * to list all spells.
You miscast Blink.
You are very lightly contaminated with residual magic.
You spin around.
The black mamba burns!
The black mamba bites you.
* * * LOW HITPOINT WARNING * * *
The yak gores you.
You die...

.........P.... ..
.....P.......#P.#...
.P.......#....#.P#...
.........PP..........
........................
.......#......^)........
.#....P........§........
.....P.........PY.......
.......#(.....PSY.......
...............P........
#...............P(#.P...
#.......)...#......P..P.
#...P..##.†...##........
#..#..####....P..P.)....
..<.### #.....>....... .
#...# #......##...... .
....# #........ . ..P##


You could see a black mamba (burning) and a yak.

Vanquished Creatures
  Snorg (Lair:5)
  6 hydras
  An orc knight (Bailey)
  3 griffons
  An ugly thing (D:10)
  2 sirens (Lair:5)
  An elephant (D:7)
  5 black mambas
  A torpor snail (Lair:5)
  5 spiny frogs
  6 komodo dragons
  The ghost of cireshan the Conjurer, an experienced DECj (D:6)
  4 fire drakes
  A troll (D:9)
  2 merfolk (Lair:5)
  32 blink frogs
  3 hogs (Lair:4)
  2 deep elf magi
  2 basilisks
  A wyvern (D:8)
  32 yaks
  6 hippogriffs
  Menkaure (D:5)
  11 water moccasins
  5 wolves
  4 ice beasts
  2 black bears
  7 porcupines
  A wasp (Lair:5)
  8 ogres
  A sky beast (D:7)
  8 orc warriors
  4 centaurs
  A phantom (D:6)
  15 crocodiles
  Blork the orc (D:5)
  13 giant frogs
  A big kobold (D:8)
  A wyvern zombie (D:9)
  2 scorpions
  4 wights (D:8)
  6 killer bees (D:10)
  6 crimson imps
  A jelly (D:10)
  5 hounds
  5 orc priests
  A centaur skeleton (D:5)
  12 orc wizards
  2 giant frog skeletons (D:5)
  13 iguanas
  8 worker ants
  A gnoll shaman (D:4)
  20 sheep
  A killer bee zombie (D:9)
  2 hound zombies
  A hound skeleton (D:6)
  6 gnolls
  51 river rats
  15 adders
  3 shadow imps
  An adder skeleton (D:4)
  3 worms
  41 orcs
  7 hobgoblins
  17 jackals
  8 quokkas
  A ball python skeleton (D:4)
  6 bats
  10 giant cockroaches
  4 giant geckos
  7 giant newts
  5 goblins
  32 kobolds
  8 rats
  A bush (Lair:4)
518 creatures vanquished.

Vanquished Creatures (collateral kills)
  Grinder (D:5)
  A wasp (D:7)
  An orc priest (D:4)
  4 river rats (Lair:3)
7 creatures vanquished.

Vanquished Creatures (others)
  A bush (Lair:3)
  13 fungi
  8 plants
22 creatures vanquished.

Grand Total: 547 creatures vanquished

Notes
Turn   | Place    | Note
--------------------------------------------------------------
     0 | D:1      | Medar the Octopode Transmuter began the quest for the Orb.
     0 | D:1      | Reached XP level 1. HP: 13/13 MP: 3/3
   325 | D:1      | Reached XP level 2. HP: 16/18 MP: 3/5
   980 | D:1      | Learned a level 2 spell: Sticks to Snakes
  1307 | D:2      | Reached skill level 4 in Unarmed Combat
  1309 | D:2      | Reached XP level 3. HP: 21/23 MP: 4/6
  1314 | D:2      | Learned a level 3 spell: Spider Form
  1486 | D:2      | Found an ancient bone altar of Kikubaaqudgha.
  1850 | D:2      | Reached skill level 1 in Poison Magic
  2318 | D:2      | Found a shadowy altar of Dithmenos.
  2498 | D:3      | Reached XP level 4. HP: 18/28 MP: 5/7
  2709 | D:3      | Reached skill level 1 in Stealth
  3727 | D:3      | Reached XP level 5. HP: 23/33 MP: 5/8
  4630 | D:4      | Reached skill level 5 in Unarmed Combat
  4630 | D:4      | Reached XP level 6. HP: 33/39 MP: 6/9
  4708 | D:4      | Found a bloodstained altar of Trog.
  4929 | D:4      | Found a staircase to the Ecumenical Temple.
  4936 | Temple   | Entered the Ecumenical Temple
  5213 | D:4      | Noticed a phantom
  5846 | D:4      | Learned a level 4 spell: Ice Form
  6023 | D:4      | Reached skill level 1 in Ice Magic
  6218 | D:5      | Entered Level 5 of the Dungeon
  6263 | D:5      | Reached XP level 7. HP: 34/45 MP: 11/11
  6614 | D:5      | Noticed Menkaure
  6628 | D:5      | Killed Menkaure
  6628 | D:5      | Reached skill level 5 in Transmutations
  6934 | D:5      | Found a glowing silver altar of Zin.
  6977 | D:5      | Noticed Grinder
  7009 | D:5      | Killed Grinder
  7009 | D:5      | Reached skill level 6 in Transmutations
  7209 | D:5      | Reached XP level 8. HP: 31/50 MP: 1/12
  7662 | D:5      | Reached skill level 7 in Transmutations
  7796 | D:5      | Found an opulent altar of Gozag.
  7845 | D:5      | Found a radiant altar of Vehumet.
  7850 | D:5      | Became a worshipper of Vehumet
  7966 | D:5      | Found a glowing golden altar of the Shining One.
  7991 | D:5      | Noticed Blork the orc
  8009 | D:5      | Killed Blork the orc
  8217 | D:6      | Reached skill level 8 in Transmutations
  8712 | D:6      | Reached XP level 9. HP: 50/57 MP: 13/13
  9093 | D:6      | Found Xooty's Antique Armour Emporium.
  9135 | D:6      | Noticed cireshan's ghost (experienced DECj)
  9161 | D:6      | Learned a level 2 spell: Throw Flame
  9945 | D:6      | Reached skill level 1 in Fire Magic
  9974 | D:6      | Reached skill level 1 in Conjurations
 10148 | D:6      | Acquired Vehumet's first power
 10148 | D:6      | Offered knowledge of Sting by Vehumet.
 10154 | D:6      | Learned a level 1 spell: Sting
 10287 | D:6      | Found a shattered altar of Ashenzari.
 10290 | D:6      | Found a sacrificial altar of Ru.
 10293 | D:6      | Found a sparkling altar of Nemelex Xobeh.
 11015 | D:7      | Found a glowing golden altar of the Shining One.
 11446 | D:7      | Offered knowledge of Searing Ray by Vehumet.
 11451 | D:7      | Learned a level 3 spell: Conjure Flame
 11876 | D:8      | Found a staircase to the Lair.
 11877 | D:8      | Noticed an elephant
 12250 | D:7      | Reached skill level 5 in Spellcasting
 12250 | D:7      | Reached XP level 10. HP: 59/63 MP: 13/17
 12315 | D:8      | Found a shimmering altar of Xom.
 12315 | D:8      | Found a shimmering altar of Xom.
 12316 | D:8      | Found a shimmering altar of Xom.
 12317 | D:8      | Found a shimmering altar of Xom.
 12323 | D:8      | Found a shimmering altar of Xom.
 12324 | D:8      | Found a shimmering altar of Xom.
 12549 | D:8      | Learned a level 4 spell: Sticky Flame
 12739 | D:8      | Noticed an orb spider
 13298 | D:8      | Offered knowledge of Ignite Poison by Vehumet.
 13780 | Lair:1   | Entered Level 1 of the Lair of Beasts
 13780 | Lair:1   | Noticed a black mamba
 13892 | D:9      | Found a flagged portal.
 13904 | Bailey   | Entered a bailey
 13946 | Bailey   | Noticed an orc knight
 13951 | Bailey   | Acquired Vehumet's second power
 14576 | Bailey   | Killed an orc knight
 14576 | Bailey   | Reached skill level 5 in Conjurations
 14576 | Bailey   | Reached skill level 5 in Fire Magic
 14705 | Bailey   | Got a faintly glowing mace {flame}
 14706 | Bailey   | Identified the cursed +2 mace of the Shining Light {flame, Dex+4} (You took it off a kobold in a bailey)
 15211 | D:9      | Offered knowledge of Static Discharge by Vehumet.
 15464 | D:9      | Got a steaming trident
 15465 | D:9      | Identified the +10 trident of Honour {elec, rC+ Dex+4} (You found it on level 9 of the Dungeon)
 15816 | D:10     | Entered Level 10 of the Dungeon
 16137 | D:10     | Noticed a purple ugly thing
 16374 | D:10     | Reached XP level 11. HP: 69/69 MP: 6/21
 16507 | D:10     | Killed a purple ugly thing
 16559 | D:10     | Acquired Vehumet's third power
 16566 | D:10     | Learned a level 5 spell: Fireball
 16945 | D:7      | Killed an elephant
 17202 | D:6      | Killed cireshan's ghost
 17290 | Lair:1   | Killed a black mamba
 17478 | Lair:1   | Offered knowledge of Mephitic Cloud by Vehumet.
 17846 | Lair:1   | Noticed a black mamba
 18442 | Lair:1   | Noticed a six-headed hydra
 18547 | Lair:1   | Killed a black mamba
 19015 | Lair:1   | Reached skill level 9 in Fire Magic
 19335 | Lair:2   | Noticed an eight-headed hydra
 19886 | Lair:2   | Noticed a seven-headed hydra
 19906 | Lair:2   | Reached XP level 12. HP: 51/74 MP: 18/23
 20144 | Lair:2   | Noticed Sonja
 20248 | Lair:2   | Noticed Urug
 20427 | Lair:2   | Noticed a four-headed hydra
 20490 | Lair:2   | Noticed a six-headed hydra
 20581 | Lair:2   | Offered knowledge of Poison Arrow by Vehumet.
 21000 | Lair:3   | Reached skill level 10 in Fire Magic
 21442 | Lair:3   | Found a staircase to the Snake Pit.
 22393 | Lair:3   | Reached skill level 5 in Fighting
 24033 | Lair:4   | Noticed a four-headed hydra
 24046 | Lair:4   | Killed a four-headed hydra
 24613 | Lair:4   | Reached XP level 13. HP: 66/82 MP: 6/26
 24906 | D:8      | Learned a level 6 spell: Bolt of Fire
 25100 | Lair:2   | Reached skill level 10 in Spellcasting
 25352 | Lair:2   | Killed a six-headed hydra
 25352 | Lair:2   | Reached skill level 10 in Conjurations
 25693 | Lair:1   | Killed a six-headed hydra
 25881 | Lair:2   | Killed a seven-headed hydra
 26233 | Lair:4   | Noticed a seven-headed hydra
 26298 | Lair:4   | Killed a seven-headed hydra
 26435 | Lair:4   | Noticed a five-headed hydra
 26510 | Lair:4   | Killed a five-headed hydra
 26964 | Lair:4   | Reached skill level 11 in Fire Magic
 27544 | Lair:5   | Noticed Snorg
 27619 | Lair:5   | Noticed Kirke
 28240 | Lair:5   | Killed Snorg
 28447 | Lair:5   | Offered knowledge of Airstrike by Vehumet.
 29526 | Lair:5   | Found a staircase to the Shoals.
 29551 | Lair:5   | Reached skill level 12 in Fire Magic
 30761 | Lair:6   | Learned a level 2 spell: Blink
 31054 | Lair:6   | HP: 1/98 [black mamba (6)]
 31054 | Lair:6   | Slain by a yak

Vault maps used:
D:1:      lemuel_arrival_muddy, minmay_hedge_maze
D:2:      lemuel_doored_altar, nicolae_dithmenos_through_a_glass_darkly
D:3:      first_bread
D:4:      overflow_temple_1_default, minmay_temple_entry_purple_smoke
D:5:      black_bear_nest_1, nicolae_gozag_cash_rules_everything_around_me,
          kennysheep_little_box, lemuel_crystal_altar, basic_altar,
          hangedman_decor_slide_cut, glass_columns_a, uniq_menkaure,
          uniq_blork_the_orc, uniq_grinder
D:6:      grunt_temple_overflow_diamond, serial_shops, nicolae_shop_behind_doors
D:7:      nicolae_overflow_hidden_temple
D:8:      xom_shifter_show, david_lair_generic
D:9:      enter_bailey_8
D:10:     hangedman_cross_cluster
Temple:   temple_eino_lava_8
Lair:2:   wad_woods_road_03, uniq_sonja, uniq_urug
Lair:3:   dummy_snake_entry, cheibrodos_lair_reptile_den
Lair:5:   elwin_shoals_entry_stream, special_room, uniq_kirke, uniq_snorg
Lair:6:   nicolae_slime_entry_slimehenge, infiniplex_staircase_pool
Bailey:   bailey_axe_4, bailey

Action                   |  1- 3 |  4- 6 |  7- 9 | 10-12 | 13-15 || total
-------------------------+-------+-------+-------+-------+-------++-------
Melee: Unarmed           |    86 |   168 |   349 |   366 |   100 ||  1069
       Trident           |       |       |       |       |    17 ||    17
 Fire: Blowgun           |       |       |       |     1 |    10 ||    11
 Cast: Beastly Appendage |    21 |    10 |     3 |       |       ||    34
       Spider Form       |       |    13 |    23 |    10 |       ||    46
       Sticks to Snakes  |       |     3 |     8 |     6 |       ||    17
       Ice Form          |       |       |     8 |    28 |     6 ||    42
       Throw Flame       |       |       |    18 |   327 |   104 ||   449
       Sting             |       |       |     5 |     1 |       ||     6
       Conjure Flame     |       |       |     1 |    31 |       ||    32
       Sticky Flame      |       |       |       |    58 |    17 ||    75
       Fireball          |       |       |       |    27 |    50 ||    77
       Bolt of Fire      |       |       |       |       |    33 ||    33
       Blink             |       |       |       |       |     1 ||     1
 Abil: Evoke Berserk Rag |       |     1 |       |     3 |       ||     4
       End Transformatio |       |       |     4 |       |     1 ||     5
Evoke: Wand              |       |       |     1 |     4 |       ||     5
  Use: Scroll            |     4 |     5 |     8 |    12 |     4 ||    33
       Potion            |       |     1 |     2 |     2 |     2 ||     7
 Stab: Sleeping          |     3 |     3 |    13 |     2 |       ||    21
       Distracted        |       |       |     2 |     1 |       ||     3
  Eat: Chunk             |     5 |    13 |    19 |    47 |    23 ||   107
       Royal jelly       |       |     1 |       |     2 |     1 ||     4
       Pizza             |       |       |     3 |     1 |     2 ||     6
       Beef jerky        |       |       |     1 |       |       ||     1
       Meat ration       |       |       |       |     1 |     2 ||     3
       Fruit             |       |       |       |       |     2 ||     2
       Bread ration      |       |       |       |       |     1 ||     1
